Map: Turbo Cruise '84 LE

Players

Denver - Winner!

  • Race: Zerg Zerg
  • Spawn Location: 3:00

iAsonu

  • Race: Zerg Zerg
  • Spawn Location: 7:00

Event: 2019 WCS Summer

VOD

Have the link to the VOD?

Description

Time

  • Played on: July 13, 2019, 8:12 a.m.
  • Length: 9:24

All games in this series

Show
View Real Time Build Order
Export as new Build Order

Denver Zerg - Winner!

Build Orders: Hatch First 

Get SALT Encoding   

  12  0:00  Drone  
  13  0:13  Overlord  
  13  0:17  Drone  
  14  0:31  Drone x2  
  16  0:49  Hatchery  
  15  0:52  Drone  
  15  0:56  Drone  
  17  0:59  Drone  
  18  1:11  Extractor  
  18  1:16  Spawning Pool  
  16  1:19  Drone  
  16  1:23  Drone  
  18  1:29  Drone  
  19  1:40  Drone  
  20  1:50  Drone  
  22  2:01  Drone, Overlord  
  22  2:02  Queen  
  22  2:03  Queen  
  26  2:11  Drone x2  
  28  2:16  Metabolic Boost  
  28  2:22  Zergling x2  
  29  2:24  Drone  
  30  2:38  Hatchery  
  30  2:43  Drone x2  
  31  2:46  Drone  
  32  2:53  Baneling Nest  
  32  2:56  Overlord  
  31  2:58  Drone  
  31  3:01  Drone  
  33  3:07  Drone x2  
  33  3:12  Drone  
  36  3:15  Overlord  
  36  3:16  Zergling x2  
  36  3:18  Zergling x2  
  38  3:20  Zergling x2  
  38  3:23  Zergling x2  
  40  3:29  Zergling x4, Evolution Chamber  
  40  3:33  Zergling x4  
  43  3:38  Baneling x3  
  42  3:43  Queen  
  42  3:47  Zergling x4  
  46  3:52  Baneling x2  
  47  3:55  Drone x2  
  47  3:56  Drone x2  
  47  4:00  Drone x2  
  51  4:05  Drone x2  
  51  4:09  Drone  
  47  4:17  Drone x3  
  47  4:21  Zerg Missile Weapons Level 1  
  47  4:23  Extractor  
  47  4:24  Drone  
  50  4:27  Zergling x4  
  49  4:32  Zergling x4  
  49  4:36  Drone x2  
  49  4:37  Drone  
  54  4:41  Overlord  
  54  4:43  Drone  
  54  4:44  Drone  
  56  4:51  Overlord  
  55  4:55  Drone x3  
  55  4:56  Overlord  
  58  5:04  Drone x2  
  58  5:06  Roach Warren  
  59  5:10  Drone  
  59  5:11  Drone x3  
  59  5:13  Zergling x2  
  59  5:14  Zergling x2  
  65  5:16  Drone x2  
  65  5:18  Drone  
  68  5:25  Drone x2  
  66  5:28  Drone  
  66  5:30  Lair  
  66  5:33  Zergling x8  
  69  5:35  Drone  
  69  5:36  Drone  
  69  5:37  Baneling  
  69  5:40  Overlord  
  71  5:43  Baneling  
  71  5:44  Baneling  
  71  5:45  Drone x2  
  71  5:46  Drone, Extractor  
  73  5:51  Zergling x2  
  73  5:52  Zergling x4  
  73  5:53  Zergling x6  
  73  5:55  Drone  
  79  5:57  Overlord  
  79  6:02  Baneling x2  
  78  6:05  Zergling x10  
  83  6:12  Zergling x8  
  83  6:17  Overlord  
  86  6:24  Roach x5  
  92  6:28  Glial Reconstitution  
  92  6:30  Extractor  
  92  6:31  Extractor  
  92  6:32  Drone x2  
  89  6:33  Drone  
  89  6:34  Drone x3  
  89  6:35  Zerg Missile Weapons Level 2  
  93  6:40  Roach  
  93  6:41  Roach x3  
  93  6:43  Overlord  
  98  6:55  Roach x3  
  98  7:02  Extractor  
  98  7:04  Roach  
  98  7:05  Roach x3  
  98  7:07  Roach  
  106  7:09  Overlord  
  106  7:12  Roach  
  106  7:13  Baneling  
  106  7:14  Hatchery, Roach  
  109  7:17  Overlord  
  109  7:19  Roach  
  109  7:20  Roach  
  113  7:26  Overlord  
  113  7:29  Roach x3  
  118  7:31  Overlord  
  118  7:37  Baneling x4  
  117  7:39  Roach x3  
  117  7:43  Roach x2  
  127  7:47  Roach x2  
  127  7:48  Ravager  
  132  7:53  Roach x3  
  132  7:57  Roach  
  132  7:58  Roach  
  140  8:00  Overlord  
  140  8:01  Overlord  
  140  8:06  Roach x2  
  140  8:07  Overlord  
  140  8:10  Ravager  
  145  8:14  Overlord  
  145  8:19  Roach x4  
  149  8:22  Drone x3  
  150  8:29  Roach x3  
  150  8:31  Ravager  
  150  8:32  Ravager x2  
  150  8:33  Roach  
  161  8:42  Roach x3  
  167  8:51  Roach x5  
  167  8:55  Roach x2  
  173  8:59  Overseer  
  155  9:03  Roach  
  155  9:04  Roach x3  
Show
View Real Time Build Order
Export as new Build Order

iAsonu Zerg 

Build Orders: Hatch First, Zergling Baneling 

Get SALT Encoding   

  12  0:01  Drone  
  13  0:12  Overlord  
  13  0:17  Drone  
  14  0:31  Drone x2  
  16  0:49  Hatchery  
  15  0:51  Drone  
  15  0:56  Drone  
  17  0:58  Drone  
  18  1:09  Extractor  
  17  1:14  Spawning Pool  
  17  1:18  Drone  
  17  1:22  Drone  
  18  1:29  Drone  
  19  1:40  Overlord  
  19  1:52  Drone  
  20  2:01  Queen x2  
  20  2:07  Drone  
  20  2:08  Drone  
  26  2:11  Metabolic Boost  
  26  2:13  Drone  
  26  2:14  Drone  
  29  2:22  Drone  
  29  2:24  Drone  
  30  2:37  Hatchery  
  30  2:43  Drone  
  30  2:46  Baneling Nest  
  30  2:48  Overlord  
  30  2:50  Drone  
  30  2:53  Drone  
  30  2:55  Zergling x2  
  33  2:58  Zergling x2  
  33  3:06  Zergling x4  
  35  3:13  Zergling x8  
  35  3:16  Zergling x2  
  35  3:17  Zergling x2  
  41  3:24  Queen  
  43  3:33  Overlord  
  43  3:36  Baneling  
  43  3:37  Drone  
  43  3:38  Baneling  
  43  3:39  Baneling  
  43  3:40  Baneling x2  
  44  3:50  Overlord  
  44  3:53  Drone  
  45  4:02  Drone  
  45  4:03  Drone x4  
  45  4:04  Baneling  
  48  4:15  Drone x2  
  49  4:19  Drone x2  
  49  4:20  Drone, Evolution Chamber, Roach Warren  
  49  4:22  Baneling x2  
  49  4:23  Baneling  
  50  4:28  Drone x5  
  54  4:33  Drone x4  
  54  4:38  Extractor  
  56  4:39  Extractor  
  56  4:40  Drone  
  56  4:47  Zergling x10  
  56  4:51  Zerg Missile Weapons Level 1  
  60  4:53  Drone x3  
  60  4:56  Drone x2  
  60  4:58  Drone  
  65  5:02  Overlord  
  65  5:04  Drone  
  65  5:07  Overlord  
  65  5:10  Overlord  
  65  5:13  Lair  
  65  5:17  Overlord  
  65  5:23  Drone x4  
  68  5:30  Drone  
  69  5:35  Overlord  
  69  5:38  Drone x6  
  69  5:42  Pneumatized Carapace  
  73  5:43  Extractor  
  73  5:45  Extractor  
  73  5:47  Overlord  
  73  5:49  Roach x4  
  79  5:51  Roach x2  
  79  5:54  Extractor  
  82  5:58  Roach x3  
  82  6:02  Roach  
  88  6:06  Roach  
  89  6:11  Baneling  
  89  6:12  Overlord  
  89  6:16  Overlord  
  89  6:18  Roach  
  91  6:19  Baneling  
  91  6:21  Glial Reconstitution  
  91  6:27  Overlord  
  91  6:29  Roach  
  91  6:30  Roach x2  
  96  6:33  Overlord  
  96  6:34  Overseer  
  96  6:35  Overlord  
  96  6:37  Roach  
  98  6:43  Overlord  
  98  6:44  Roach  
  98  6:45  Roach x3  
  105  6:58  Overlord, Zerg Missile Weapons Level 2  
  105  7:00  Roach x4  
  108  7:02  Overlord  
  108  7:04  Roach x2  
  112  7:12  Overlord  
  112  7:15  Roach x4  
  120  7:21  Drone x3  
  123  7:29  Burrow  
  123  7:30  Drone  
  123  7:31  Drone x4  
  123  7:36  Drone  
  129  7:38  Drone  
  129  7:39  Tunneling Claws  
  129  7:44  Overlord  
  130  7:47  Roach  
  130  7:48  Roach x3  
  130  7:49  Hatchery  
  134  7:59  Roach x4  
  134  8:00  Roach  
  134  8:04  Drone x2  
  134  8:05  Drone x2  
  146  8:08  Roach  
  146  8:10  Overlord  
  146  8:18  Roach x4  
  146  8:21  Roach x4  
  148  8:28  Roach x4  
  148  8:32  Ravager x2  
  148  8:33  Ravager x2  
  160  8:35  Overlord  
  160  8:39  Roach x4  
  160  8:40  Roach x2  
  162  8:48  Roach  
  162  8:49  Roach  
  162  8:53  Roach x3  
  150  8:57  Roach  
  150  9:00  Roach x4  
  140  9:03  Roach  
Tags
 
Add a new tag
Caveats
  • Supply blocks, unpowered buildings, or Contaminate may cause inaccurate times.
  • Supply counts are checked every 10 seconds.